 Dungeon Crawl Stone Soup version 0.32-a0-42-ga30500b (webtiles) character file.

Game seed: 16553034112215309694

462 danspanner the Sneak (level 7, -6/38 (41) HPs)
             Began as an Octopode Conjurer on Jan 24, 2024.
             Was an Initiate of Sif Muna.
             Mangled by a wight
             ... wielding a +3 morningstar
              (10 damage)
             ... on level 3 of the Dungeon on Jan 29, 2024.
             The game lasted 00:15:07 (4075 turns).

danspanner the Sneak (Octopode Conjurer)            Turns: 4075, Time: 00:15:07

HP:   -6/38 (41)    AC:  1    Str:  6    XL:     7   Next: 7%
MP:   12/12         EV: 13    Int: 23    God:    Sif Muna [......]
Gold: 294           SH:  0    Dex: 10    Spells: 1/13 levels left

rFire   . . .        j - +3 dagger (venom)
rCold   . . .        (no shield)
rNeg    . . .        (helmet restricted)
rPois   .            (no amulet)
rElec   .            (no ring)
rCorr   .            (no ring)
SInv    .            (no ring)
Will    .....        (no ring)
Stlth   ++++         (no ring)
HPRegen 0.26/turn    (no ring)
MPRegen 0.13/turn    (no ring)
                     (no ring)

%: no passive effects
@: drained
A: almost no armour, amphibious, 8 rings, camouflage 1, gelatinous body 1,
(nimble swimmer 1), tentacles
a: Renounce Religion


You were on level 3 of the Dungeon.
You worshipped Sif Muna.
Sif Muna was noncommittal.
You visited 2 branches of the dungeon, and saw 5 of its levels.

You collected 294 gold pieces.

Inventory:

Hand Weapons
 j - a +3 dagger of venom (weapon)
 m - the +7 staff of the Meek {protect, meekguard}
   (You found it on level 3 of the Dungeon)
Armour
 e - an orb of light
Jewellery
 g - a ring of poison resistance
Scrolls
 i - 2 scrolls of fear
 o - a scroll of torment {unknown}
Potions
 a - 2 potions of magic
 b - 3 potions of haste {unknown}
 c - 4 potions of curing {unknown}
 d - 2 potions of ambrosia {unknown}
 f - a potion of heal wounds {unknown}
 h - 2 potions of enlightenment {unknown}
 k - a potion of lignification {unknown}
 l - 2 potions of invisibility {unknown}
 n - 2 potions of attraction {unknown}


   Skills:
 + Level 4.0 Dodging
 + Level 5.7 Stealth
 + Level 3.7 Spellcasting
 + Level 5.3 Conjurations
 + Level 0.2 Hexes
 + Level 0.3 Alchemy


You had one spell level left.
You knew the following spells:

 Your Spells              Type           Power      Damage    Failure   Level
a - Magic Dart            Conj           100%       1d8       1%          1
b - Searing Ray           Conj           56%        2d6       1%          2
c - Fulminant Prism       Conj/Alch      8%         3d6       32%         4
d - Yara's Violent Unrav  Hex/Alch       2%         3d3       95%         5

Your spell library contained the following spells:

 Spells                   Type           Power      Damage    Failure   Level
 Jinxbite                 Hex            10%        N/A       16%         2
 Iskenderun's Mystic Bla  Conj/Tloc      16%        2d5       34%         4
 Enfeeble                 Hex            2%         N/A       100%        7


Dungeon Overview and Level Annotations

Branches:
Dungeon (4/15)             Temple (1/1) D:4

Altars:
Ashenzari
Dithmenos
Elyvilon
Fedhas
Hepliaklqana
Makhleb
Nemelex Xobeh
Okawaru
Qazlal
Ru
Sif Muna
Trog
Uskayaw
Vehumet
Xom
Yredelemnul
Zin
The Shining One

Annotations:
D:3 3 runed translucent doors, Caerwyn's ghost, weakling GrEE; Dorkslayer's ghost, amateur OpFi


Innate Abilities, Weirdness & Mutations

You cannot wear most types of armour.
You are amphibious.
You can wear up to eight rings at the same time.
Your skin changes colour to match your surroundings (Stealth+).
Your rubbery body absorbs attacks. (AC +1, EV +1)
((You are camouflaged when in or above water. (Stealth+)))
You have tentacles for arms and can constrict up to eight enemies at once.


Message History

You open the door.
Found a faded altar of an unknown god.
There is an open door here.
There is an open door here.
There is an open door here.
There is a stone staircase leading up here.
Dorkslayer's ghost turns its malevolent gaze towards you.
Press: ? - help, v - describe, . - travel
Here: Dorkslayer's ghost (fire blocked by a runed translucent door)
The floor.
Unknown command.
Saving game... please wait.
Level annotation: 3 runed translucent doors, Caerwyn's ghost, weakling GrEE; Dorkslayer's ghost, amateur OpFi Welcome back, danspanner the Octopode Conjurer.
Sif Muna whispers: I know many secrets...
Press ? for a list of commands and other information.
Could not explore, unopened runed door.
What level of the Dungeon? (default 1, ? - help)
There is a stone staircase leading up here.
Things that are here:
a +0 hand axe; an orc skeleton
There is a stone staircase leading down here.
You climb downwards.
The wight hits you from afar with a +4 halberd!
You feel drained.
The wight hits you from afar with a +4 halberd!
Found 9 gold pieces.
There is a stone staircase leading up, spattered with blood here.
You can't go down here!
The wight closely misses you. The wight barely misses you.
You climb upwards.
Level annotation: 3 runed translucent doors, Caerwyn's ghost, weakling GrEE; Dorkslayer's ghost, amateur OpFi
There is a stone staircase leading down here.
The wight hits you with a +3 morningstar!
* * * LOW HITPOINT WARNING * * *
You feel drained.
* * * LOW HITPOINT WARNING * * *
The wight attacks as it pursues you!
The wight hits you with a +3 morningstar!
You die...

## #..........# .#
#..........#######
.############.......#
..# #.......# ..##
#.......# ...#
#.......# ...#
#.......#
...##########.......#
.............).z@...#
#.....÷.............#
##...########.#.#####
#...#......#)#.#
#...#.####.#.#.#
#.).#.#..#.#.#.#
#...#.#..#.#.#.#
#...#.#..#######
#...#....##♣⌠♣.##


You could see a wight.

Vanquished Creatures
  3 scorpions (D:4)
  A wight (D:4)
  A hound (D:4)
  An orc priest (D:3)
  An orc wizard (D:3)
  5 adders
  3 ribbon worms
  A dart slug (D:3)
  7 orcs (D:3)
  5 ball pythons
  11 endoplasms
  4 giant cockroaches
  12 hobgoblins
  A jackal (D:1)
  8 kobolds
  4 quokkas
  4 bats
  4 frilled lizards
  5 goblins
  11 rats
92 creatures vanquished.

Notes
Turn   | Place    | Note
-------+----------+-------------------------------------------
     0 | D:1      | danspanner the Octopode Conjurer began the quest for the
                  | Orb.
     0 | D:1      | Reached XP level 1. HP: 11/11 MP: 3/3
   165 | D:1      | Reached XP level 2. HP: 17/17 MP: 3/5
   279 | D:1      | Learned a level 2 spell: Searing Ray
   787 | D:1      | Reached XP level 3. HP: 20/21 MP: 0/6
  1273 | D:2      | Found a radiant altar of Vehumet.
  1281 | D:2      | Upgraded the game from 0.32-a0-40-g2adb59a to
                  | 0.32-a0-42-ga30500b
  1771 | D:2      | Reached XP level 4. HP: 27/27 MP: 3/7
  2034 | D:3      | Found a runed translucent gate.
  2034 | D:3      | Found a runed translucent gate.
  2044 | D:3      | You fall into a shaft and drop 1 floor!
  2051 | D:4      | Found a staircase to the Ecumenical Temple.
  2067 | D:4      | Noticed a scorpion
  2076 | Temple   | Entered the Ecumenical Temple
  2204 | D:4      | Killed a scorpion
  2205 | D:4      | Reached XP level 5. HP: 26/31 MP: 0/9
  2306 | D:4      | Found a hide-covered altar of Uskayaw.
  2474 | D:4      | Reached XP level 6. HP: 29/36 MP: 10/10
  2482 | D:4      | Reached skill level 5 in Stealth
  2482 | D:4      | Reached skill level 5 in Conjurations
  2698 | D:4      | Found a stormy altar of Qazlal.
  3112 | D:3      | Identified the +1 pair of boots of Ysyvufum {rC+ rN+}
  3125 | D:3      | Found a shimmering blue altar of Sif Muna.
  3149 | D:3      | Became a worshipper of Sif Muna the Loreminder
  3335 | D:3      | Found the +7 staff of the Meek {protect, meekguard}
  3591 | D:3      | Learned a level 4 spell: Fulminant Prism
  3592 | D:3      | Found a runed translucent gate.
  3604 | D:3      | Noticed Dorkslayer's ghost (amateur OpFi)
  3604 | D:3      | Noticed Caerwyn's ghost (weakling GrEE)
  3650 | D:3      | Learned a level 5 spell: Yara's Violent Unravelling
  3694 | D:3      | Reached XP level 7. HP: 18/41 MP: 5/12
  3995 | D:3      | Found a faded altar of an unknown god.
  4075 | D:3      | Mangled by a wight

Illustrated notes

Levels and vault maps discovered:
D:1:      saegor_arrival_miasma, layout_loops_cross, corexii_leaking_fountain,
          minmay_heptomino_d4
D:2:      layout_basic, basic_altar
D:3:      layout_basic, mainiacjoe_overflow_concentric_impassable,
          dilly_ecumenical_altar_fadedgnrine, gammafunk_ghost_cemetery,
          serial_curves, eino_curves_01, eino_curves_04, pf_guarded_unrand_meek
D:4:      layout_basic, amcnicky_altar_gilded, nicolae_overflow_crystal_walls,
          minmay_temple_entry_arrows
Temple:   nicolae_temple_no_exploring_needed

Skill      XL: |  1  2  3  4  5  6  7 |
---------------+----------------------+-----
Stealth        | 3 4 5 |  5.7
Dodging        | 3 4 |  4.0
Spellcasting   | 3 |  3.7
Conjurations   | 5 |  5.3
Hexes          | |  0.2
Alchemy        | |  0.3

Action                     |  1- 3 |  4- 6 |  7- 9 || total
---------------------------+-------+-------+-------++-------
  Melee: Unarmed           |    12 |       |       ||    12
         Tentacles         |     4 |    17 |       ||    21
         Constrict         |     3 |    16 |       ||    19
         Dagger            |     4 |    78 |     1 ||    83
   Cast: Magic Dart        |    36 |    13 |     2 ||    51
         Searing Ray       |    14 |    11 |     2 ||    27
    Use: Scroll            |     4 |     3 |       ||     7
   Stab: Sleeping          |     1 |     8 |     1 ||    10
 Armour: Skin              |     3 |    40 |     4 ||    47
  Dodge: Dodged            |    14 |    50 |     2 ||    66

Table legend: (Time is in decaauts)
 A = Elapsed time spent in this place.
 B = Non-inter-level travel time spent in this place.
 C = Inter-level travel time spent in this place.
 D = Time resting spent in this place.
 E = Time spent auto-exploring this place.
 F = Levels seen in this place.
 G = Mean time per level.
                   A        B        C        D        E       F      G
               +--------+--------+--------+--------+--------+-----+--------+
         Total |   4074 |   4019 |     55 |    285 |   2963 |   5 |  814.8 |
       Dungeon |   3984 |   3929 |     55 |    285 |   2963 |   4 |  996.0 |
        Temple |     89 |     89 |      0 |      0 |      0 |   1 |   89.0 |
               +--------+--------+--------+--------+--------+-----+--------+

Top non-repeatable levels by time:
     D:1: 1272 daAuts
     D:3: 1207 daAuts
     D:2: 760 daAuts
     D:4: 744 daAuts
  Temple: 89 daAuts
